PAA
NUEVO MEXICO MARIACHIS @ AKRON BLIMPS
08/31/2042
 
TOP OF THE 1ST
Nuevo Mexico Mariachis batting - Pitching for Akron Blimps : RHP Rob Butler
Pitching: RHP Rob Butler
Batting: RHB José Salas 0-0: Called Strike
0-1: Ball
1-1: Ball
2-1: Called Strike
2-2: Foul Ball, location: 2F
2-2: Fly out, F7 (Flyball, 7LM, EV 83.8 MPH)
Batting: RHB Jaime Montés 0-0: Ball
1-0: Ball
2-0: Swinging Strike
2-1: Foul Ball, location: 2F
2-2: SINGLE (Line Drive, 4MD, EV 96.2 MPH)
Batting: LHB Carlos Díaz 0-0: Ball
1-0: Ball
2-0: Ball
3-0: Base on Balls
Jaime Montés to second
Batting: RHB Alfredo Valdéz 0-0: DOUBLE (Flyball, 8RXD, EV 95.0 MPH)
Jaime Montés scores
Carlos Díaz to third
Batting: LHB Albert Porter 0-0: Ball
1-0: Called Strike
1-1: Ball
2-1: Swinging Strike
2-2: Foul Ball, location: 2F
2-2: Fly out, F7 (Flyball, 7D, EV 99.4 MPH)
Runner from 3rd tags up, SCORES, no throw by LF
Batting: LHB Greg Rogers 0-0: Called Strike
0-1: Foul Ball, location: 2F
0-2: Strikes out swinging
Top of the 1st over - 2 runs, 2 hits, 0 errors, 1 left on base; Nuevo Mexico 2 - Akron 0
BOTTOM OF THE 1ST
Akron Blimps batting - Pitching for Nuevo Mexico Mariachis : LHP Gerard Fyson
Pitching: LHP Gerard Fyson
Batting: RHB Alohinani Puanani 0-0: Called Strike
0-1: Ball
1-1: Swinging Strike
1-2: Ball
2-2: Strikes out swinging
Batting: RHB Jeff Camp 0-0: Ball
1-0: Ball
2-0: Swinging Strike
2-1: Foul Ball, location: 2F
2-2: Foul Ball, location: 2F
2-2: Foul Ball, location: 2F
2-2: Ball
3-2: Fly out, F3 (Popup, 3SF, EV 76.9 MPH)
Batting: LHB Leonardo Sánchez 0-0: Ball
1-0: Ground out 6-3 (Groundball, 6, EV 88.1 MPH)
Bottom of the 1st over - 0 runs, 0 hits, 0 errors, 0 left on base; Nuevo Mexico 2 - Akron 0
TOP OF THE 2ND
Nuevo Mexico Mariachis batting - Pitching for Akron Blimps : RHP Rob Butler
Batting: RHB Pedro Santos 0-0: Ball
1-0: Called Strike
1-1: Ground out 6-3 (Groundball, 6, EV 81.2 MPH)
Batting: LHB Ryutaro Watanabe 0-0: Fly out, F8 (Line Drive, 8LD, EV 86.2 MPH)
Batting: RHB Sergio Dávalos 0-0: Called Strike
0-1: Ball
1-1: Ball
2-1: DOUBLE (Line Drive, 89D, EV 105.0 MPH)
Batting: RHB José Salas 0-0: Swinging Strike
0-1: Called Strike
0-2: Ball
1-2: SINGLE (Line Drive, 34D, EV 104.4 MPH)
Sergio Dávalos to third
Runner from 3rd tries for Home, SAFE, no throw by RF
Batting: RHB Jaime Montés 0-0: Called Strike
0-1: Ball
1-1: Foul Ball, location: 2F
1-2: Ball
2-2: Fly out, F9 (Flyball, 89D, EV 99.4 MPH)
Top of the 2nd over - 1 run, 2 hits, 0 errors, 1 left on base; Nuevo Mexico 3 - Akron 0
BOTTOM OF THE 2ND
Akron Blimps batting - Pitching for Nuevo Mexico Mariachis : LHP Gerard Fyson
Batting: LHB Numberto Pencíl 0-0: Fly out, F7 (Flyball, 7S, EV 84.4 MPH)
Batting: RHB Dave Hill 0-0: Ball
1-0: Ball
2-0: Foul Ball, location: 2F
2-1: Foul Ball, location: 2F
2-2: Foul Ball, location: 2F
2-2: Ball
3-2: Fly out, F8 (Flyball, 8LS, EV 71.9 MPH)
Batting: LHB Steve Chittick 0-0: Foul Ball, location: 2F
0-1: Foul Ball, location: 2F
0-2: Foul Ball, location: 2F
0-2: Ball
1-2: Ball
2-2: Foul Ball, location: 2F
2-2: Ground out U3 (Groundball, 34, EV 104.4 MPH)
Bottom of the 2nd over - 0 runs, 0 hits, 0 errors, 0 left on base; Nuevo Mexico 3 - Akron 0
TOP OF THE 3RD
Nuevo Mexico Mariachis batting - Pitching for Akron Blimps : RHP Rob Butler
Batting: LHB Carlos Díaz 0-0: Fly out, F9 (Flyball, 9D, EV 102.5 MPH)
Batting: RHB Alfredo Valdéz 0-0: SINGLE (Groundball, 6MD, EV 101.2 MPH)
Batting: LHB Albert Porter 0-0: Ball
1-0: Ball
2-0: Ball
3-0: Base on Balls
Alfredo Valdéz to second
Batting: LHB Greg Rogers 0-0: Ball
1-0: Foul Ball, location: 2F
1-1: Called Strike
1-2: Ball
2-2: Foul Ball, location: 2F
2-2: Fly out, F8 (Flyball, 8RXD, EV 90.6 MPH)
Runner from 2nd tags up, SAFE at 3rd, no throw by CF
Batting: RHB Pedro Santos 0-0: Ball
1-0: Ball
2-0: Foul Ball, location: 2F
2-1: Ball
3-1: Swinging Strike
3-2: Base on Balls
Albert Porter to second
Batting: LHB Ryutaro Watanabe 0-0: Ball
1-0: Ground out 4-3 (Groundball, 4, EV 96.9 MPH)
Top of the 3rd over - 0 runs, 1 hit, 0 errors, 3 left on base; Nuevo Mexico 3 - Akron 0
BOTTOM OF THE 3RD
Akron Blimps batting - Pitching for Nuevo Mexico Mariachis : LHP Gerard Fyson
Batting: RHB Hun-hyeon Kang 0-0: Called Strike
0-1: Ball
1-1: Called Strike
1-2: Fly out, F9 (Flyball, 89D, EV 105.6 MPH)
Batting: SHB Salvador Berrocal 0-0: Hit by Pitch
Batting: LHB Fernando Negrete 0-0: Ball
1-0: Foul Ball, location: 2F
1-1: Ball
2-1: Ball
3-1: Called Strike
3-2: SINGLE (Groundball, 56D, EV 97.5 MPH)
Salvador Berrocal to second
Batting: RHB Alohinani Puanani 0-0: Ball
1-0: Ball
Passed Ball!
Salvador Berrocal to third
Fernando Negrete to second
2-0: Foul Ball, location: 2F
2-1: Ball
3-1: Fly out, F8 (Flyball, 8RM, EV 88.8 MPH)
Runner from 3rd tags up, OUT at HOME! 8-2
Bottom of the 3rd over - 0 runs, 1 hit, 0 errors, 1 left on base; Nuevo Mexico 3 - Akron 0
TOP OF THE 4TH
Nuevo Mexico Mariachis batting - Pitching for Akron Blimps : RHP Rob Butler
Batting: RHB Sergio Dávalos 0-0: Called Strike
0-1: Ball
1-1: Swinging Strike
1-2: Ball
2-2: Ball
3-2: Fly out, F7 (Flyball, 7D, EV 92.5 MPH)
Batting: RHB José Salas 0-0: Ball
1-0: Ball
2-0: Fly out, F9 (Flyball, 9D, EV 95.6 MPH)
Batting: RHB Jaime Montés 0-0: Called Strike
0-1: Fly out, F8 (Flyball, 8RS, EV 80.0 MPH)
Top of the 4th over - 0 runs, 0 hits, 0 errors, 0 left on base; Nuevo Mexico 3 - Akron 0
BOTTOM OF THE 4TH
Akron Blimps batting - Pitching for Nuevo Mexico Mariachis : LHP Gerard Fyson
Batting: RHB Jeff Camp 0-0: Ball
1-0: Ball
2-0: Ball
3-0: Base on Balls
Batting: LHB Leonardo Sánchez 0-0: Called Strike
0-1: Ball
1-1: Ball
2-1: Ball
3-1: SINGLE (Flyball, 78S, EV 86.2 MPH)
Jeff Camp to second
Batting: LHB Numberto Pencíl 0-0: Ball
1-0: Ball
2-0: Foul Ball, location: 2F
2-1: Foul Ball, location: 2F
2-2: Fielders Choice at 2nd, 3-6 (Groundball, 3, EV 96.9 MPH)
Jeff Camp to third
Batting: RHB Dave Hill 0-0: 3-RUN HOME RUN (Flyball, 78XD, EV 105.0 MPH), Distance : 383 ft
Batting: LHB Steve Chittick 0-0: Called Strike
0-1: Fly out, F5 (Popup, 5SF, EV 72.5 MPH)
Batting: RHB Hun-hyeon Kang 0-0: Called Strike
0-1: Ball
1-1: Fly out, F9 (Line Drive, 9, EV 90.6 MPH)
Bottom of the 4th over - 3 runs, 2 hits, 0 errors, 0 left on base; Nuevo Mexico 3 - Akron 3
TOP OF THE 5TH
Nuevo Mexico Mariachis batting - Pitching for Akron Blimps : RHP Rob Butler
Batting: LHB Carlos Díaz 0-0: Foul Ball, location: 2F
0-1: Fly out, F9 (Line Drive, 9, EV 83.1 MPH)
Batting: RHB Alfredo Valdéz 0-0: Ball
1-0: Called Strike
1-1: Ball
2-1: Ball
3-1: Ground out 4-3 (Groundball, 4M, EV 98.1 MPH)
Batting: LHB Albert Porter 0-0: Ball
1-0: Foul Ball, location: 2F
1-1: Ball
2-1: Foul Ball, location: 2F
2-2: Ball
3-2: Foul Ball, location: 2RF, Error on foul ball, E2
3-2: Ground out 1-3 (Groundball, 25, EV 85.0 MPH)
Top of the 5th over - 0 runs, 0 hits, 1 error, 0 left on base; Nuevo Mexico 3 - Akron 3
BOTTOM OF THE 5TH
Akron Blimps batting - Pitching for Nuevo Mexico Mariachis : LHP Gerard Fyson
Batting: SHB Salvador Berrocal 0-0: Swinging Strike
0-1: Foul Ball, location: 2F
0-2: Strikes out swinging
Batting: LHB Fernando Negrete 0-0: Called Strike
0-1: Ball
1-1: DOUBLE (Line Drive, 7LM, EV 98.1 MPH)
Batting: RHB Alohinani Puanani 0-0: Ball
1-0: Ball
2-0: Foul Ball, location: 2F
2-1: Ball
3-1: Foul Ball, location: 2F
3-2: SINGLE (Line Drive, 8LS, EV 103.8 MPH)
Fernando Negrete to third
Runner from 3rd tries for Home, SAFE, throw by CF to home
Batting: RHB Jeff Camp 0-0: Ball
1-0: Ball
2-0: Fly out, F7 (Flyball, 7S, EV 82.5 MPH)
Batting: LHB Leonardo Sánchez 0-0: Called Strike
0-1: Called Strike
0-2: Ball
1-2: Strikes out swinging, 2-3 out at first.
Bottom of the 5th over - 1 run, 2 hits, 0 errors, 1 left on base; Nuevo Mexico 3 - Akron 4
TOP OF THE 6TH
Nuevo Mexico Mariachis batting - Pitching for Akron Blimps : RHP Rob Butler
Batting: LHB Greg Rogers 0-0: Called Strike
0-1: Ball
1-1: DOUBLE (Line Drive, 7LS, EV 93.1 MPH)
Batting: RHB Pedro Santos 0-0: Ball
1-0: Called Strike
1-1: Ball
2-1: Ground out 1-3 (Groundball, P, EV 91.2 MPH)
Greg Rogers to third
Pitching: RHP Hyeon-uk Sa
Batting: LHB Ryutaro Watanabe 0-0: Ball
1-0: Ball
2-0: Swinging Strike
2-1: Fly out, F2 (Popup, 2LF, EV 91.2 MPH)
Batting: RHB Sergio Dávalos 0-0: Called Strike
0-1: SINGLE (Line Drive, 9LS, EV 94.4 MPH)
Greg Rogers scores
Batting: RHB José Salas 0-0: Ball
1-0: Ball
2-0: Fielders Choice at 2nd, 5-4 (Groundball, 56, EV 90.0 MPH)
Top of the 6th over - 1 run, 2 hits, 0 errors, 1 left on base; Nuevo Mexico 4 - Akron 4
BOTTOM OF THE 6TH
Akron Blimps batting - Pitching for Nuevo Mexico Mariachis : LHP Gerard Fyson
Batting: LHB Numberto Pencíl 0-0: Called Strike
0-1: Ground out U3 (Groundball, 3L, EV 108.8 MPH)
Batting: RHB Dave Hill 0-0: Fly out, F4 (Popup, 3S, EV 77.5 MPH)
Batting: LHB Steve Chittick 0-0: Ball
1-0: Ground out U3 (Groundball, 3, EV 83.1 MPH)
Bottom of the 6th over - 0 runs, 0 hits, 0 errors, 0 left on base; Nuevo Mexico 4 - Akron 4
TOP OF THE 7TH
Nuevo Mexico Mariachis batting - Pitching for Akron Blimps : RHP Hyeon-uk Sa
Batting: RHB Jaime Montés 0-0: Ball
1-0: Called Strike
1-1: Foul Ball, location: 2F
1-2: Ground out 4-3 (Groundball, 4, EV 88.8 MPH)
Batting: LHB Carlos Díaz 0-0: Ball
1-0: Fly out, F8 (Flyball, 8LS, EV 85.0 MPH)
Batting: RHB Alfredo Valdéz 0-0: Swinging Strike
0-1: Ball
1-1: Foul Ball, location: 2F
1-2: Ball
2-2: Foul Ball, location: 2F
2-2: Foul Ball, location: 2F
2-2: Ball
3-2: SINGLE (Line Drive, 89M, EV 103.8 MPH)
Batting: LHB Albert Porter 0-0: Called Strike
0-1: Called Strike
0-2: Ball
Alfredo Valdéz is caught stealing 2nd base 2-6
Top of the 7th over - 0 runs, 1 hit, 0 errors, 0 left on base; Nuevo Mexico 4 - Akron 4
BOTTOM OF THE 7TH
Akron Blimps batting - Pitching for Nuevo Mexico Mariachis : LHP Gerard Fyson
Batting: RHB Hun-hyeon Kang 0-0: Ground out 5-3 (Groundball, 56, EV 103.8 MPH)
Batting: SHB Salvador Berrocal 0-0: Ball
1-0: Ball
2-0: Ground out U3 (Groundball, 34, EV 105.6 MPH)
Batting: LHB Fernando Negrete 0-0: Ball
1-0: Ball
2-0: Foul Ball, location: 2F
2-1: Foul Ball, location: 2F
2-2: Ball
3-2: Strikes out swinging
Bottom of the 7th over - 0 runs, 0 hits, 0 errors, 0 left on base; Nuevo Mexico 4 - Akron 4
TOP OF THE 8TH
Nuevo Mexico Mariachis batting - Pitching for Akron Blimps : RHP Hyeon-uk Sa
Batting: LHB Albert Porter 0-0: Called Strike
0-1: Ball
1-1: Ball
2-1: Foul Ball, location: 2F
2-2: Strikes out swinging
Batting: LHB Greg Rogers 0-0: Called Strike
0-1: Ball
1-1: Ball
2-1: Fly out, F7 (Flyball, 7D, EV 94.4 MPH)
Batting: RHB Pedro Santos 0-0: Called Strike
0-1: Called Strike
0-2: Ball
1-2: Strikes out swinging
Top of the 8th over - 0 runs, 0 hits, 0 errors, 0 left on base; Nuevo Mexico 4 - Akron 4
BOTTOM OF THE 8TH
Akron Blimps batting - Pitching for Nuevo Mexico Mariachis : LHP Gerard Fyson
Pitching: LHP Nick Ramey
Batting: RHB Alohinani Puanani 0-0: Ground out 5-3 (Groundball, 56, EV 86.2 MPH)
Batting: RHB Jeff Camp 0-0: Called Strike
0-1: Ball
1-1: Ball
2-1: Ball
3-1: Foul Ball, location: 2F
3-2: Base on Balls
Batting: LHB Leonardo Sánchez 0-0: Ball
1-0: Ball
2-0: Called Strike
2-1: Called Strike
Jeff Camp steals 2nd base (no throw)
2-2: Foul Ball, location: 2F
2-2: Fly out, F2 (Popup, 23F, EV 85.0 MPH)
Batting: LHB Numberto Pencíl 0-0: SINGLE (Groundball, 34D, EV 101.2 MPH)
Jeff Camp to third
Runner from 3rd tries for Home, SAFE, no throw by RF
Batting: RHB Dave Hill 0-0: Called Strike
Numberto Pencíl is caught stealing 2nd base 2-4
Bottom of the 8th over - 1 run, 1 hit, 0 errors, 0 left on base; Nuevo Mexico 4 - Akron 5
TOP OF THE 9TH
Nuevo Mexico Mariachis batting - Pitching for Akron Blimps : RHP Hyeon-uk Sa
Pitching: RHP Gypsyamber D'Souza
Now in LF: Ju-ho Ko
Now in RF: Takahashi Yano
Pinch Hitting: LHB Gustavo Zamora 0-0: Foul Ball, location: 2F
0-1: Ball
1-1: Foul Ball, location: 2F
1-2: Ball
2-2: Ground out 5-3 (Groundball, 56, EV 88.8 MPH)
Batting: RHB Sergio Dávalos 0-0: Ball
1-0: Fly out, F9 (Flyball, 9, EV 81.2 MPH)
Batting: RHB José Salas 0-0: Ball
1-0: Called Strike
1-1: Foul Ball, location: 2F
1-2: Foul Ball, location: 2F
1-2: Strikes out swinging
Top of the 9th over - 0 runs, 0 hits, 0 errors, 0 left on base; Nuevo Mexico 4 - Akron 5
Friday, March 26th, 2021 - OOTP Baseball 20.8 Build 74